Cogmind - Beta 15 --- EXPLORER MODE // 2025.06.14 @ 15:52:21 Player: aaa Result: Escaped! Performance ------------- Evolutions (9) 4500 Regions Visited (20) 4000 Robots Destroyed (446) 2230 Value Destroyed (20698) 20698 Prototype IDs (75) 1500 Alien Tech Used (0) 0 Bonus (5652) 5652 TOTAL SCORE: 38580 Bonus ------- High Alert Combat Kills 537 Follower Combat Kills 415 Entered Garrisons 200 Met Warlord at Base 500 MAIN.C Attacked Warlord 500 Scanned by Researcher 500 Win 3000 Cogmind --------- Core Integrity 1470/1600 Matter 300/300 Energy 2034/2040 System Corruption 0% Temperature Cool (12) Movement Hovering (50) Location To Epsilon Eridani Parts ------- > --- POWER (2) -------- Quantum Reactor Light Quantum Reactor > --- PROPULSION (6) --- Cooled Antigrav System Combat Antigrav System Antigrav Array Antigrav Array > --- UTILITY (16) ----- Experimental Cooling System Advanced Energy Well Advanced Energy Well Experimental Energy Well Advanced Weight Redist. System Experimental Melee Analysis Suite Advanced Target Analyzer Core Analyzer Improved Armor Integrity Analyzer Heavy Regenerative Plating Hacking Suite Advanced Corruption Screen > --- WEAPON (2) ------- Enhanced Force Lance > --- INVENTORY (5) ---- Light Quantum Reactor Improved Gyrokinetic Inverter Experimental Actuator Array Advanced Corruption Screen Improved System Restoration Module Peak State ------------ > --- POWER ------------ Quantum Reactor Light Quantum Reactor > --- PROPULSION ------- Cooled Antigrav System Combat Antigrav System Antigrav Array Antigrav Array > --- UTILITY ---------- Advanced Cryofiber Web Experimental Cooling System Small Storage Unit Advanced Energy Well Advanced Energy Well Experimental Energy Well Advanced Weight Redist. System Advanced Melee Analysis Suite Advanced Melee Analysis Suite Advanced Target Analyzer Core Analyzer Heavy Regenerative Plating Hacking Suite Improved System Guard Advanced Corruption Screen > --- WEAPON ----------- Tachyon Dispersion Ray Enhanced Force Lance > --- INVENTORY -------- Particle Reactor Improved Antigrav System Improved Gyrokinetic Inverter Antigrav Array Advanced Corruption Screen Tactical Quantum Warhead [Rating: 188] Favorites ----------- Power Light Antimatter Reactor Engine Improved Deuterium Engine Power Core Light Neutrino Core Reactor Light Antimatter Reactor Propulsion Improved VTOL Module Leg Aluminum Leg Hover Unit Gyrokinetic Inverter Flight Unit Improved VTOL Module Utility Core Analyzer Device Triangulator Storage Advanced Energy Well Processor Core Analyzer Hackware Advanced System Shield Protection Improved Propulsion Shielding Weapon Enhanced Force Lance Energy Gun Tachyon Dispersion Ray Energy Cannon Heavy Disruptor Cannon Ballistic Gun Assault Rifle Ballistic Cannon Linear Accelerator Launcher Tactical Quantum Warhead Special Weapon Stasis Projector Impact Weapon Shock Maul Slashing Weapon Axe Piercing Weapon Enhanced Force Lance Special Melee Weapon Datajack Build | -11 -10 -9 -9 -8 -7 -7 -7 -6 -6 -6 -5 -5 -5 -5 -4 -4 -3 -2 -2 -1 ------- Run | Yrd Mat Mat Sto Mat Fac Gar Fac Fac Ext Cet Fac Upp Upp War Pro Fac Res Res Tes Acc Slots Evolved 19 | . 1 2 . 2 2 . . 2 . . 2 . . . . 2 2 2 . 2 Power 1 | . . . . . . . . . . . . . . . . . 1 . . . Propulsion 4 | . . 1 . 1 1 . . . . . 1 . . . . . . . . . Utility 14 | . 1 1 . 1 1 . . 2 . . 1 . . . . 2 1 2 . 2 Weapon . | . . . . . . . . . . . . . . . . . . . . . Parts Attached 360 | 7 8 21 10 20 18 5 8 23 4 . 40 3 . 11 . 35 72 21 41 13 Power 50 | 1 2 2 2 4 2 1 1 2 1 . 7 . . . . 4 12 4 3 2 Engine 13 | 1 . 1 2 3 1 1 1 . 1 . 2 . . . . . . . . . Core 11 | . 2 1 . 1 1 . . 2 . . 3 . . . . . 1 . . . Reactor 26 | . . . . . . . . . . . 2 . . . . 4 11 4 3 2 Propulsion 60 | 2 3 6 5 4 5 . 1 2 . . 6 1 . . . 7 8 4 3 3 Treads . | . . . . . . . . . . . . . . . . . . . . . Leg 7 | 2 3 1 . . . . . . . . . . . . . . . 1 . . Wheel . | . . . . . . . . . . . . . . . . . . . . . Hover 24 | . . . . . . . . . . . . 1 . . . 6 8 3 3 3 Flight 29 | . . 5 5 4 5 . 1 2 . . 6 . . . . 1 . . . . Utility 191 | 2 1 8 2 12 8 2 4 15 3 . 20 2 . 4 . 17 43 13 27 8 Device 93 | 1 . 2 . 6 1 2 2 4 1 . 13 1 . 2 . 11 26 6 12 3 Storage 9 | 1 . . . . . . . . . . . . . . . . 2 . 6 . Processor 32 | . . . . 1 3 . . 4 1 . 1 . . . . 3 6 3 5 5 Hackware 17 | . . . . 1 1 . . 4 . . 3 1 . . . 1 4 1 1 . Protection 40 | . 1 6 2 4 3 . 2 3 1 . 3 . . 2 . 2 5 3 3 . Artifact . | . . . . . . . . . . . . . . . . . . . . . Weapon 59 | 2 2 5 1 . 3 2 2 4 . . 7 . . 7 . 7 9 . 8 . Energy Gun 9 | . . . . . . 1 . . . . . . . 3 . 2 . . 3 . Energy Cannon 4 | . . . . . . . . . . . . . . . . 2 . . 2 . Ballistic Gun 9 | 2 2 . . . . 1 . . . . . . . . . 3 . . 1 . Ballistic Cannon 2 | . . . . . . . . . . . . . . . . . 2 . . . Launcher 3 | . . . . . . . . . . . . . . 2 . . . . 1 . Special Weapon 1 | . . . . . . . . . . . . . . . . . . . 1 . Impact Weapon 9 | . . 1 . . 2 . 2 1 . . 3 . . . . . . . . . Slashing Weapon 10 | . . 4 . . 1 . . 1 . . 1 . . . . . 3 . . . Piercing Weapon 11 | . . . . . . . . 2 . . 3 . . 2 . . 4 . . . Special Melee Weapon 1 | . . . 1 . . . . . . . . . . . . . . . . . Unidentified Prototypes 47 | . . 1 2 1 . . . 2 1 . 3 . . 6 . 1 9 . 19 2 Parts Lost 65 | . . . 6 6 2 4 . 1 2 . 5 . . . . 8 16 1 8 6 Power 9 | . . . 1 1 1 1 . . 1 . . . . . . 1 3 . . . Propulsion 2 | . . . 1 . . . . . . . 1 . . . . . . . . . Utility 48 | . . . 3 5 1 2 . 1 1 . 4 . . . . 6 13 1 6 5 Weapon 6 | . . . 1 . . 1 . . . . . . . . . 1 . . 2 1 Highest Loss Streak 5 | . . . 2 5 2 2 . 1 2 . 3 . . . . 2 3 1 3 2 To Critical Strikes 2 | . . . . 1 . . . . . . . . . . . 1 . . . . Average Backups 4 | . 5 5 4 4 4 5 4 4 4 5 4 5 5 4 5 4 4 4 5 5 Power . | . . . . . . . . . . . . . . . . . . 1 . 1 Propulsion 1 | . 2 2 2 2 1 1 1 1 1 1 1 1 1 1 1 . 1 1 1 1 Utility 2 | . 2 1 1 . 3 4 3 2 3 3 2 4 4 3 4 3 1 1 1 2 Weapon . | . . . 1 . . . . . . 1 . . . . . . . . 1 . Tool/Special . | . . . . . . . . . . . . . . . . . . . . . Unused Backups 51 | . 1 11 1 3 4 . 2 3 1 . 4 . . 1 . 4 7 1 2 6 Power 6 | . . . . 1 . . . . . . . . . . . . 2 1 . 2 Propulsion 19 | . . 6 . 1 . . . . . . 2 . . . . 3 3 . 2 2 Utility 24 | . 1 4 1 . 4 . 2 3 1 . 2 . . 1 . 1 2 . . 2 Weapon . | . . . . . . . . . . . . . . . . . . . . . Tool/Special 2 | . . 1 . 1 . . . . . . . . . . . . . . . . Average Slot Usage (%) 90 | . 99 98 98 86 93 95 99 95 87 87 87 82 83 82 83 86 92 88 84 84 Engine 1 | . 6 . 7 6 6 4 7 1 1 6 . . . . . . . . . . Core 2 | . 5 9 2 1 . 2 . 4 1 . 2 5 5 5 5 . . . . . Reactor 3 | . . . . . . . . . . . 1 . . . . 3 8 8 8 7 Leg 1 | . 24 2 . . . . . . . . . . . . . . . . . . Hover 7 | . . . . . . . . . . . . . . . . 11 23 19 16 14 Flight 16 | . . 27 29 33 34 35 35 30 31 31 23 15 16 16 16 9 . . . . Device 17 | . 12 20 19 16 9 4 12 11 8 6 14 16 16 16 16 24 25 19 21 13 Storage 1 | . 12 . . . . . . . . . . . . . . . . 3 6 13 Processor 11 | . . . . 6 16 21 21 20 18 18 14 11 11 11 11 11 9 14 12 19 Hackware 6 | . . . . 1 2 . . 5 6 6 10 11 11 11 11 10 7 6 6 3 Protection 9 | . 12 18 19 12 12 15 8 10 13 18 7 10 11 10 11 7 5 5 3 3 Ballistic Gun 1 | . 25 1 . . . 4 4 . . . . . . . . 3 . . . . Impact Weapon 2 | . . . 9 . 5 . 4 5 5 . 2 5 5 2 . . . . . . Slashing Weapon 1 | . . 17 1 7 4 1 . . . . . . . . . . 2 . . . Piercing Weapon 2 | . . . . . . . . 2 . . 5 5 5 7 11 3 2 8 6 3 Peak Build Rating 188 | 7 11 25 24 36 52 54 54 67 68 57 104 106 104 117 113 129 154 158 179 188 Average Rating 91 | 5 9 23 21 31 46 52 52 62 61 57 91 103 104 108 113 118 140 149 161 182 On Entrance 73 | . 7 11 24 18 36 52 50 52 66 57 57 104 104 104 113 113 115 144 153 167 Naked Turns . | . . . . . . . . . . . . . . . . . . . . . Heaviest Build 99 | 20 21 21 21 21 19 26 23 25 29 26 35 30 30 33 33 52 80 81 99 94 Greatest Support 91 | 20 20 30 21 20 27 26 26 28 28 28 39 39 39 39 39 67 85 81 91 91 Greatest Overweight (x) 9 | 1 2 4 1 1 . . . . 1 . . 9 . . . 4 1 1 1 1 Average Overweight (x) . | . . . . . . . . . . . . . . . . . . . . . Largest Inventory Capacity 10 | 10 10 10 5 5 5 5 5 5 5 5 5 5 5 5 5 5 5 5 8 8 Average Capacity 5 | 8 10 5 5 5 5 5 5 5 5 5 5 5 5 5 5 5 5 5 5 7 Most Carried 10 | 1 10 9 5 5 5 5 5 5 5 5 5 5 5 5 5 5 5 5 8 8 Average Carried 4 | . 5 5 4 4 4 5 4 4 4 5 4 4 5 4 5 4 4 4 5 6 Final Capacity 10 | 10 10 5 5 5 5 5 5 5 5 5 5 5 5 5 5 5 5 5 8 5 Final Carried 10 | 1 10 5 5 5 5 5 5 4 5 5 5 5 5 5 5 5 5 4 6 5 Class Distribution -------------------- 40% | Hacker-Sprinter 37% | Hacker-Mutant 17% | Hacker-Gladiator Dominant Class ---------------- Hacker-Mutant | -10/Materials Hacker-Sprinter | -9/Materials Hacker-Sprinter | -9/Storage Hacker-Sprinter | -8/Materials Hacker-Sprinter | -7/Factory Hacker-Sprinter | -7/Garrison Hacker-Sprinter | -7/Factory Hacker-Sprinter | -6/Factory Hacker-Sprinter | -6/Extension Hacker-Sprinter | -6/Cetus Hacker-Sprinter | -5/Factory Hacker-Mutant | -5/Upper Caves Hacker-Mutant | -5/Upper Caves Hacker-Mutant | -5/Warlord Hacker-Mutant | -4/Proximity Caves Hacker-Mutant | -4/Factory Hacker-Gladiator | -3/Research Hacker-Gladiator | -2/Research Hacker-Gladiator | -2/Testing Hacker-Mutant | -1/Access Resources | -11 -10 -9 -9 -8 -7 -7 -7 -6 -6 -6 -5 -5 -5 -5 -4 -4 -3 -2 -2 -1 ----------- Run | Yrd Mat Mat Sto Mat Fac Gar Fac Fac Ext Cet Fac Upp Upp War Pro Fac Res Res Tes Acc Matter Collected 7349 | 270 331 321 150 332 268 145 100 315 90 . 530 60 . 200 . 859 1916 275 952 235 Remotely 10 | . . . . . . . . . . . . 10 . . . . . . . . Salvage Created 21841 | . 651 1381 811 1619 843 544 198 1765 552 . 2140 134 101 . 407 2334 3762 729 2596 1274 Parts 1019 | . 32 84 29 87 55 22 4 78 14 . 88 5 2 . 20 102 201 40 95 61 Haulers Intercepted 3 | . . . 1 1 . . . . . . . . . . . . . . 1 . Recyclers Shooed 6 | . . 1 . . . . . . 1 . 1 . . . . 1 1 . . 1 Parts Field Recycled . | . . . . . . . . . . . . . . . . . . . . . Retrieved Matter . | . . . . . . . . . . . . . . . . . . . . . Parts Self-Destructed . | . . . . . . . . . . . . . . . . . . . . . Prevented . | . . . . . . . . . . . . . . . . . . . . . Kills | -11 -10 -9 -9 -8 -7 -7 -7 -6 -6 -6 -5 -5 -5 -5 -4 -4 -3 -2 -2 -1 ------- Run | Yrd Mat Mat Sto Mat Fac Gar Fac Fac Ext Cet Fac Upp Upp War Pro Fac Res Res Tes Acc Combat Hostiles Destroyed 309 | . 8 25 14 22 11 12 3 18 . . 28 7 5 . 7 36 56 8 32 17 Melee 226 | . . 25 7 22 10 2 . 14 . . 23 5 2 . 7 22 39 8 25 15 Guns 35 | . 8 . . . . 10 1 . . . . . . . . 13 1 . . 2 Cannons 16 | . . . . . . . . . . . . . . . . . 16 . . . AOE 7 | . . . . . . . . . . . . . . . . . . . 7 . Classes Destroyed 19 | . 5 4 2 1 1 1 . . . . . . . . 1 1 1 . 1 1 Worker 33 | . . 1 3 5 4 . 1 3 . . 2 . . . . . 4 1 8 1 Builder 4 | . 1 . . . 1 . . . . . 1 . . . . . . . . 1 Tunneler 2 | . . 1 . . 1 . . . . . . . . . . . . . . . Hauler 3 | . . . 1 1 . . . . . . . . . . . . . . 1 . Recycler 27 | . 4 3 1 2 1 . . 5 4 . 3 . . . . . . 1 1 2 Mechanic 1 | . . . . . . . . . . . . . . . . . 1 . . . Operator 6 | . . 1 . 1 1 . . 1 . . 1 . . . . . . . . 1 Drone 1 | . . . . . . . . . . . . . . . 1 . . . . . Watcher 54 | . 3 5 2 5 4 . . 7 3 . 8 . . . . 6 8 2 . 1 Swarmer 54 | . 2 6 2 . . 4 . 4 . . 4 7 5 . . 2 3 4 1 10 Grunt 77 | . 6 9 2 11 1 3 . 1 . . 6 . . . . 14 14 . 9 1 Brawler 5 | . . . 1 1 . 1 . . . . . . . . . 1 1 . . . Duelist 2 | . . . . . . 1 . . . . . . . . . . 1 . . . Researcher 7 | . . . . . . . . . . . . . . . . . . . 7 . Sentry 62 | . . 10 9 9 1 . 3 8 . . 5 . . . 2 1 9 4 . 1 Hunter 29 | . . . . 1 4 3 . . . . . . . . 4 2 6 . 7 2 Programmer 76 | . . . . . 5 . . 5 . . 13 . . . . 15 22 . 15 1 Q-Series 2 | . . . . . . . . . . . . . . . . . . . . 2 Behemoth 1 | . . . . . . . . . . . . . . . . 1 . . . . Best Kill Streak 10 | . 5 5 4 5 5 6 1 3 3 . 4 5 3 . 2 3 5 4 10 9 Combat Bots Only 9 | . 4 5 3 3 3 6 1 2 . . 3 5 3 . 2 3 4 4 9 5 Max Kills in Single Turn 4 | . 2 1 1 1 1 1 1 1 1 . 4 1 1 . 1 1 2 1 4 1 Gunslinging . | . . . . . . . . . . . . . . . . . . . . . Exploded 4 | . . . . . . . . . . . . . . . . . . . 4 . Melee 2 | . . 1 1 1 1 1 . 1 . . 1 1 1 . 1 1 2 1 1 1 Uniques/NPCs Destroyed . | . . . . . . . . . . . . . . . . . . . . . Combat | -11 -10 -9 -9 -8 -7 -7 -7 -6 -6 -6 -5 -5 -5 -5 -4 -4 -3 -2 -2 -1 -------- Run | Yrd Mat Mat Sto Mat Fac Gar Fac Fac Ext Cet Fac Upp Upp War Pro Fac Res Res Tes Acc Hostile Shots Fired 2909 | . 56 76 128 134 92 175 45 188 51 1 249 39 44 4 34 298 671 30 380 214 Missed 1284 | . 16 27 63 55 49 56 18 117 35 1 137 26 24 2 17 145 253 9 155 79 Hits 1625 | . 40 49 65 79 43 119 27 71 16 . 112 13 20 2 17 153 418 21 225 135 Melee 35 | . . . 2 8 . 6 . . . . . . . . . 1 7 . . 11 Projectile 1590 | . 40 49 63 71 43 113 27 71 16 . 112 13 20 2 17 152 411 21 225 124 AOE 6 | . . . . . . . . . . . 4 . . 1 . . . . . 1 Critical Strikes 66 | . 1 . 4 8 2 1 . . . . 6 1 . . 1 8 17 . 11 6 Actively Blocked 5 | . 1 . 1 . 1 . . . . . . . . . . 1 1 . . . Part Disruptions 11 | . . . . . . . . 1 . . . . . . . 1 7 . 2 . Damage Taken 16059 | . 310 344 606 771 444 916 157 400 210 . 1376 94 140 34 146 1355 4550 413 2193 1600 Core 2122 | . 67 61 143 163 145 210 27 95 6 . 182 16 25 8 11 207 411 43 172 130 Absorbed by Shields 4060 | . . . . . . 181 . . . . 400 39 59 13 59 473 1116 153 1021 546 Redirected to Shielding 802 | . 20 13 32 . 30 69 26 39 3 . 93 19 10 7 45 131 265 . . . Ignored by Resistances 11887 | . 200 220 373 463 272 660 104 267 121 . 1041 80 122 29 123 1096 3389 191 1897 1239 Regen/Repaired (Parts) 2613 | . . 59 35 173 204 . . 60 . . 310 . . . . . 230 . 666 876 Core Remaining (%) 75 | 100 73 . 49 70 . . 45 . . 88 . . . . 75 82 68 . 85 91 Volleys Fired 262 | . 49 1 . . . 21 1 . . . . . . . . 94 58 . 15 23 Largest 2 | . 2 2 . . . 2 2 . . . . . . . . 2 2 . 1 1 Hottest 117 | . 40 40 . . . 117 117 . . . . . . . . 110 108 . 80 80 Shots Fired 407 | . 98 2 . . . 33 2 . . . . . . . . 122 112 . 15 23 Gun 291 | . 98 2 . . . 33 2 . . . . . . . . 119 4 . 10 23 Cannon 111 | . . . . . . . . . . . . . . . . 3 108 . . . Launcher 4 | . . . . . . . . . . . . . . . . . . . 4 . Special 1 | . . . . . . . . . . . . . . . . . . . 1 . Kinetic 333 | . 98 2 . . . 13 1 . . . . . . . . 107 112 . . . Thermal 33 | . . . . . . 20 1 . . . . . . . . 12 . . . . Explosive 4 | . . . . . . . . . . . . . . . . . . . 4 . Electromagnetic 36 | . . . . . . . . . . . . . . . . 3 . . 10 23 Robot Hit Streak 35 | . 24 4 . . . 11 13 . . . . . . . . 35 24 . 21 22 Robot Miss Streak 3 | . 2 . . . . 1 . . . . . . . . . 1 3 . 1 1 Penetration Max 1 | . . . . . . . . . . . . . . . . 1 1 . . . Secondary Targets 7 | . 2 . . . . 4 . . . . . . . . . 1 . . . . Max Gunslinging Chain 1 | . 1 . . . . 1 . . . . . . . . . 1 . . . . Shots Hit Robots 1164 | . 83 70 46 76 51 32 13 59 11 . 109 11 8 . 15 159 238 22 106 55 Core Hits 498 | . 29 32 8 33 18 18 3 24 3 . 41 2 2 . 7 65 107 15 62 29 Critical Kills 6 | . . . . . 2 . . . . . 3 1 . . . . . . . . Critical Parts Destroyed 40 | . . . 7 . 4 . 2 5 2 . 14 2 2 . . 2 . . . . Critical Strikes 157 | . . 4 9 2 8 1 2 10 2 . 22 3 2 . 4 15 35 6 25 7 Burn 1 | . . . . . . . . . . . . . . . . 1 . . . . Destroy 2 | . . . . . . . . . . . . . . . . 2 . . . . Blast 7 | . . . . . . . . . . . . . . . . . 7 . . . Smash 46 | . . . 8 . 6 . 2 6 2 . 17 3 2 . . . . . . . Sever 18 | . . 4 1 2 2 1 . . . . 2 . . . . . 6 . . . Impale 67 | . . . . . . . . 4 . . 3 . . . . . 22 6 25 7 Sunder 16 | . . . . . . . . . . . . . . . 4 12 . . . . Melee Attacks 1088 | . . 88 85 91 63 6 12 76 13 . 129 14 14 . 16 58 217 35 128 43 Impact 235 | . . . 73 1 26 . 12 47 13 . 39 12 12 . . . . . . . Slashing 311 | . . 88 12 90 37 6 . . . . 13 . . . . . 65 . . . Piercing 468 | . . . . . . . . 29 . . 77 2 2 . . . 152 35 128 43 Entropic 74 | . . . . . . . . . . . . . . . 16 58 . . . . Sneak Attacks 106 | . . 11 8 14 13 . 2 13 6 . 8 . . . 2 1 9 2 13 4 Combat Hostiles 27 | . . 3 3 4 4 . 1 4 1 . 4 . . . 2 . 1 . . . Follow-up Attacks 85 | . . 9 2 . 4 . 1 3 . . 10 1 1 . 2 3 33 5 11 . Damage Inflicted 58760 | . 964 3260 2042 3745 3153 833 617 3714 949 . 6277 688 526 . 1612 7454 11706 1237 7641 2342 Guns 4583 | . 964 12 . . . 644 46 . . . . . . . . 2437 122 . 76 282 Cannons 3689 | . . . . . . . . . . . . . . . . 76 3613 . . . Explosions 2463 | . . . . . . . . . . . 512 . . . . . . . 1951 . Melee 48025 | . . 3248 2042 3745 3153 189 571 3714 949 . 5765 688 526 . 1612 4941 7971 1237 5614 2060 Ramming . | . . . . . . . . . . . . . . . . . . . . . Kinetic 6934 | . 964 12 . . . 125 17 . . . . . . . . 2081 3735 . . . Thermal 1678 | . . . . . . 519 29 . . . 512 . . . . 356 . . 262 . Explosive 1689 | . . . . . . . . . . . . . . . . . . . 1689 . Electromagnetic 434 | . . . . . . . . . . . . . . . . 76 . . 76 282 Impact 10039 | . . . 1764 123 1314 . 571 2137 949 . 2039 655 487 . . . . . . . Slashing 11864 | . . 3248 278 3622 1839 189 . . . . 266 . . . . . 2422 . . . Piercing 19569 | . . . . . . . . 1577 . . 3460 33 39 . . . 5549 1237 5614 2060 Entropic 6553 | . . . . . . . . . . . . . . . 1612 4941 . . . . Highest Corruption 5 | . . . 1 5 1 1 1 . . . . . . . . 3 5 1 5 . Average Corruption 2 | . . . 1 4 1 1 1 . . . . . . . . 1 1 1 3 . Corruption Purged 30 | . . . . . . . 1 . . . . . . . . 5 19 1 4 . Corruption Blocked 20 | . . . . . . . . . . . 7 . . . . 8 . . 2 3 Effects 70 | . . . 1 24 5 1 2 . . . . . . . . 4 27 . 6 . Message Errors 17 | . . . . 9 1 1 . . . . . . . . . 2 3 . 1 . Matter Fused 21 | . . . . 9 2 . 1 . . . . . . . . 1 7 . 1 . Heat Flow Errors 10 | . . . . 3 . . 1 . . . . . . . . . 3 . 3 . Energy Discharges 6 | . . . . 1 . . . . . . . . . . . 1 3 . 1 . Data Loss (minor) 12 | . . . 1 . 2 . . . . . . . . . . . 9 . . . Data Loss (major) 3 | . . . . 2 . . . . . . . . . . . . 1 . . . Weapon Failures 1 | . . . . . . . . . . . . . . . . . 1 . . . Overload Shots . | . . . . . . . . . . . . . . . . . . . . . Overflow Damage 8953 | . . 390 545 396 669 . 265 846 280 . 1510 302 201 . 123 785 787 97 1261 496 Projectiles 134 | . . . . . . . . . . . . . . . . . 134 . . . Explosions 250 | . . . . . . . . . . . 164 . . . . . . . 86 . Melee 8569 | . . 390 545 396 669 . 265 846 280 . 1346 302 201 . 123 785 653 97 1175 496 Knockbacks 63 | . . . 6 . 4 . . 7 3 . 15 4 . . . . 24 . . . Impact 37 | . . . 4 . 4 . . 7 3 . 15 4 . . . . . . . . Kinetic 22 | . . . . . . . . . . . . . . . . . 22 . . . Secondary 4 | . . . 2 . . . . . . . . . . . . . 2 . . . Self-Inflicted Damage 299 | . . . . . . . . . . . 130 . . . . . . . 169 . Shots 8 | . . . . . . . . . . . 3 . . . . . . . 5 . Rammed . | . . . . . . . . . . . . . . . . . . . . . Targets Rammed . | . . . . . . . . . . . . . . . . . . . . . Kicked . | . . . . . . . . . . . . . . . . . . . . . Crushed . | . . . . . . . . . . . . . . . . . . . . . Highest Temperature 406 | . 20 8 17 212 136 406 142 122 201 97 306 7 . . . 370 61 . . . Average Temperature 53 | . 5 4 5 77 33 110 11 25 49 50 67 7 . . . 90 18 . . . Received Heat Transfer 3118 | . 237 198 294 441 69 387 129 177 63 . 288 25 18 . 12 148 382 36 184 30 Effects 9 | . . . . . . 4 . . . . 2 . . . . 3 . . . . Shutdowns 2 | . . . . . . 1 . . . . . . . . . 1 . . . . Energy Bleed 2 | . . . . . . 1 . . . . 1 . . . . . . . . . Interference 3 | . . . . . . . . . . . 1 . . . . 2 . . . . Matter Decay 1 | . . . . . . 1 . . . . . . . . . . . . . . Damage (minor) 1 | . . . . . . 1 . . . . . . . . . . . . . . Siege Activations . | . . . . . . . . . . . . . . . . . . . . . Martial Activations . | . . . . . . . . . . . . . . . . . . . . . Shielding Activations . | . . . . . . . . . . . . . . . . . . . . . Robots Disrupted 4 | . . . . . . . . . . . . . . . . . . . 2 2 Combat Hostiles 4 | . . . . . . . . . . . . . . . . . . . 2 2 Robots Corrupted 36 | . . . 10 . 3 . 2 8 2 . 6 2 3 . . . . . . . Combat Hostiles 24 | . . . 7 . 1 . 2 4 . . 5 2 3 . . . . . . . Parts Fried 51 | . . . 17 1 3 . . 11 5 . 10 2 2 . . . . . . . Impact Corruptions 125 | . . . 23 2 16 . 5 22 7 . 33 9 8 . . . . . . . Robots Melted 1 | . . . . . . . . . . . . . . . . 1 . . . . Combat Hostiles 1 | . . . . . . . . . . . . . . . . 1 . . . . Parts Melted 5 | . . . . . . . . 1 . . . . . . . 4 . . . . Heat Transferred 1652 | . . . . . . 647 37 . . . 350 . . . . 518 . . 100 . Parts Sabotaged . | . . . . . . . . . . . . . . . . . . . . . Parts Stolen . | . . . . . . . . . . . . . . . . . . . . . Parts Stripped . | . . . . . . . . . . . . . . . . . . . . . Power Chain Reactions 1 | . . . . . . . . . . . . . . . . . . . 1 . Alert | -11 -10 -9 -9 -8 -7 -7 -7 -6 -6 -6 -5 -5 -5 -5 -4 -4 -3 -2 -2 -1 ------- Run | Yrd Mat Mat Sto Mat Fac Gar Fac Fac Ext Cet Fac Upp Upp War Pro Fac Res Res Tes Acc Maximum Alert Level 3 | . . 1 1 1 . 2 1 . . . . . . . . 1 . . 3 2 Low Security (%) 87 | 100 100 47 99 96 100 30 90 100 100 100 100 . . . . 73 100 100 56 . Level 1 7 | . . 52 . 3 . 23 9 . . . . . . . . 26 . . . 32 Level 2 5 | . . . . . . 46 . . . . . . . . . . . . 41 67 Level 3 . | . . . . . . . . . . . . . . . . . . . . . Level 4 . | . . . . . . . . . . . . . . . . . . . . . Level 5 . | . . . . . . . . . . . . . . . . . . . . . High Security . | . . . . . . . . . . . . . . . . . . . . . Max Security . | . . . . . . . . . . . . . . . . . . . . . Peak Influence 720 | . 75 360 219 219 81 569 239 83 45 18 176 . . . . 341 151 75 720 672 Initial 327 | . . . 58 55 36 35 217 10 . 18 1 . . . . 300 . . 18 327 Average 74 | . 7 161 40 106 26 345 90 12 2 12 27 . . . . 99 23 14 248 454 Influence Increases 14594 | . 261 835 842 867 648 564 239 919 177 . 1576 280 215 15 235 1610 2196 276 1797 1042 Destroy 0b10 Robot/C 6560 | . 160 500 320 440 220 240 60 360 40 . 560 140 100 . 120 720 1140 160 820 460 Destroy 0b10 Robot/NC 690 | . 40 55 35 70 60 . 5 80 35 . 70 . . . 5 30 65 20 55 65 Destroy Leader 1736 | . 36 180 126 152 108 40 30 164 6 . 166 20 10 . 20 162 266 54 114 82 Allied During Kill 17 | . . . 2 . . . . . 1 . . . . . . . . . 1 13 Trap Triggered on 0b10 10 | . . . 10 . . . . . . . . . . . . . . . . . Successful Hack 783 | . 10 39 30 39 117 10 50 111 4 . 121 . . . . 24 121 . 50 57 Disable Machine 144 | . . . 24 8 . 4 4 . . . 44 . . . . . 12 . 40 8 Anti-Garrison Action 150 | . . . . . . . . . . . . . . . . . . . 150 . Destroy Structure 784 | . . 1 10 8 8 . . 9 1 . 60 . . . . 14 112 12 387 162 Advance Influence 300 | . . . . . . . . . . . . . . . . 300 . . . . Partial Spotted 615 | . . 30 105 45 90 . 15 105 . . 135 . . . . 30 30 30 . . Lose Combat Pursuer 2805 | . 15 30 180 105 45 270 75 90 90 . 420 120 105 15 90 330 450 . 180 195 Influence Decreases 13970 | . 261 639 853 941 694 70 768 949 132 42 1579 280 75 155 235 1610 2196 231 1122 1138 Entered New Map 1324 | . . . 138 130 75 30 342 20 . 27 2 . . 140 . . . . 27 393 Time Decay 11792 | . 261 629 625 741 598 . 416 914 112 15 1527 280 75 15 235 1491 2016 222 975 645 Lost Part 584 | . . . 50 60 11 40 . 5 . . 40 . . . . 79 150 9 80 60 Lost Ally 270 | . . 10 40 10 10 . 10 10 20 . 10 . . . . 40 30 . 40 40 Squads Dispatched 88 | . . 2 4 3 9 . 3 5 . . 6 . . . . 10 20 1 16 9 Investigation 9 | . . . . . . . 1 . . . . . . . . 2 2 . 1 3 Extermination 39 | . . . . . 4 . 2 5 . . 6 . . . . 7 9 . 4 2 Reinforcement 25 | . . 2 1 3 2 . . . . . . . . . . 1 6 1 7 2 Assault 6 | . . . 2 . . . . . . . . . . . . . . . 2 2 Garrison 9 | . . . 1 . 3 . . . . . . . . . . . 3 . 2 . Intercept . | . . . . . . . . . . . . . . . . . . . . . Searches Triggered . | . . . . . . . . . . . . . . . . . . . . . Construction Impeded 2 | . . . . . . . . . . . . . . . . . 1 . . 1 Haulers Reinforced 3 | . . . . . . . . . . . . . . . . . 1 . 1 1 Active Scanning Responses . | . . . . . . . . . . . . . . . . . . . . . Cargo Convoy Interrupts . | . . . . . . . . . . . . . . . . . . . . . Stealth | -11 -10 -9 -9 -8 -7 -7 -7 -6 -6 -6 -5 -5 -5 -5 -4 -4 -3 -2 -2 -1 --------- Run | Yrd Mat Mat Sto Mat Fac Gar Fac Fac Ext Cet Fac Upp Upp War Pro Fac Res Res Tes Acc Distress Signals 34 | . . . 1 1 . . . 2 . 1 2 . . . 1 4 6 9 3 4 Communications Jammed . | . . . . . . . . . . . . . . . . . . . . . Distress Signals . | . . . . . . . . . . . . . . . . . . . . . Times Spotted 662 | . 12 36 36 42 21 36 9 35 17 4 68 15 12 16 12 64 113 10 58 46 Peak Tracking Total 11 | . 4 5 8 7 5 11 4 5 8 5 7 6 7 8 7 9 9 4 10 8 Tactical Retreats 100 | . 1 1 7 7 2 5 3 4 2 . 14 5 3 1 2 10 21 . 5 7 Traps | -11 -10 -9 -9 -8 -7 -7 -7 -6 -6 -6 -5 -5 -5 -5 -4 -4 -3 -2 -2 -1 ------- Run | Yrd Mat Mat Sto Mat Fac Gar Fac Fac Ext Cet Fac Upp Upp War Pro Fac Res Res Tes Acc Traps Triggered 23 | . 1 . 1 1 1 6 1 2 . . 5 . . . . . . . 1 4 Indirectly . | . . . . . . . . . . . . . . . . . . . . . Trap Hack Attempts 29 | . . . 29 . . . . . . . . . . . . . . . . . Triggered 1 | . . . 1 . . . . . . . . . . . . . . . . . Disarmed 1 | . . . 1 . . . . . . . . . . . . . . . . . Reprogrammed 10 | . 6 . 4 . . . . . . . . . . . . . . . . . Reused 1 | . . . 1 . . . . . . . . . . . . . . . . . Traps Extracted . | . . . . . . . . . . . . . . . . . . . . . Installed . | . . . . . . . . . . . . . . . . . . . . . Triggered 1 | . . . 1 . . . . . . . . . . . . . . . . . Objects Rigged 2 | . . 2 . . . . . . . . . . . . . . . . . . Machines | -11 -10 -9 -9 -8 -7 -7 -7 -6 -6 -6 -5 -5 -5 -5 -4 -4 -3 -2 -2 -1 ---------- Run | Yrd Mat Mat Sto Mat Fac Gar Fac Fac Ext Cet Fac Upp Upp War Pro Fac Res Res Tes Acc Machines Disabled 41 | . . . 6 2 . 1 1 . . . 11 . 1 . . 1 3 . 13 2 Max in Single Turn 6 | . . . 1 1 . 1 1 . . . 6 . 1 . . . 1 . 2 1 Garrison Access 10 | . . . . 1 . . . 2 . . 3 . . . . . 1 2 1 . Machines Repaired . | . . . . . . . . . . . . . . . . . . . . . Machines Dismantled . | . . . . . . . . . . . . . . . . . . . . . Machines Sabotaged . | . . . . . . . . . . . . . . . . . . . . . Overloaded Fab Kills . | . . . . . . . . . . . . . . . . . . . . . Hacking | -11 -10 -9 -9 -8 -7 -7 -7 -6 -6 -6 -5 -5 -5 -5 -4 -4 -3 -2 -2 -1 --------- Run | Yrd Mat Mat Sto Mat Fac Gar Fac Fac Ext Cet Fac Upp Upp War Pro Fac Res Res Tes Acc Machines Accessed 195 | . 9 14 14 14 15 2 9 26 5 . 36 1 . 1 . 14 22 1 7 5 Terminals 120 | . 7 11 12 10 10 2 5 13 5 . 18 . . . . 6 11 1 6 3 Fabricators 17 | . . . . . . . 2 4 . . 5 . . . . 2 3 . . 1 Repair Stations 20 | . . 1 1 1 3 . 1 3 . . 5 . . . . 1 3 . . 1 Recycling Units 18 | . 2 1 1 1 1 . . 2 . . 4 . . . . 4 2 . . . Scanalyzers 7 | . . 1 . 1 . . 1 2 . . 1 . . . . . 1 . . . Garrison Access 11 | . . . . 1 1 . . 2 . . 3 . . . . 1 2 . 1 . Total Hacks 684 | . 23 60 39 46 62 5 30 97 8 . 149 1 . 1 . 43 83 2 19 16 Successful 501 | . 15 46 34 36 42 2 20 73 4 . 115 1 . 1 . 38 53 1 13 7 Failed 183 | . 8 14 5 10 20 3 10 24 4 . 34 . . . . 5 30 1 6 9 Catastrophic 11 | . 2 . . . 2 . . 2 . . . . . . . . 4 . . 1 Database Lockouts . | . . . . . . . . . . . . . . . . . . . . . Manual 370 | . 17 41 26 32 39 . 20 47 . . 71 1 . . . 24 36 . 10 6 Terminals 470 | . 21 43 31 33 47 5 22 60 8 . 101 . . . . 27 43 2 18 9 Fabricators 60 | . . . . . . . 4 12 . . 24 . . . . 7 9 . . 4 Repair Stations 84 | . . 6 6 6 13 . 2 11 . . 12 . . . . 2 23 . . 3 Recycling Units 26 | . 2 2 2 1 1 . . 3 . . 6 . . . . 6 3 . . . Scanalyzers 30 | . . 9 . 5 . . 2 9 . . 2 . . . . . 3 . . . Garrison Access 12 | . . . . 1 1 . . 2 . . 4 . . . . 1 2 . 1 . Terminal Hacks 124 | . 6 6 7 1 14 2 2 18 4 . 36 1 . 1 . 8 7 1 8 2 Record 14 | . . . . . 2 . 1 3 . . 3 . . . . 1 1 . 2 1 Part Schematic 53 | . 4 4 2 . 11 . . 6 . . 17 . . . . 4 2 . 3 . Robot Schematic 3 | . . . . . . . . . . . 2 . . . . . . . 1 . Robot Analysis 10 | . . 1 1 . . . . 1 . . 5 . . . . 2 . . . . Prototype ID Bank 1 | . . . . . . . . 1 . . . . . . . . . . . . Open Door 13 | . . . 4 . . . . 1 4 . . 1 . 1 . . . . 1 1 Open DSF 8 | . . . . . 1 . . 3 . . 2 . . . . . 1 1 . . Emergency Access Points 4 | . . . . . . 1 . . . . 3 . . . . . . . . . Locate Traps 13 | . 1 1 . 1 . . 1 2 . . 3 . . . . 1 3 . . . Reprogram Traps 1 | . 1 . . . . . . . . . . . . . . . . . . . Dispatch Records 1 | . . . . . . . . 1 . . . . . . . . . . . . Investigation Status 1 | . . . . . . . . . . . . . . . . . . . 1 . Registered Prototypes 1 | . . . . . . . . . . . 1 . . . . . . . . . Patrol Navigation 1 | . . . . . . 1 . . . . . . . . . . . . . . Fabricator Hacks 48 | . . . . . . . 2 10 . . 21 . . . . 6 8 . . 1 Load Schematic 25 | . . . . . . . 1 5 . . 11 . . . . 3 4 . . 1 Build 23 | . . . . . . . 1 5 . . 10 . . . . 3 4 . . . Repair Station Hacks 69 | . . 6 6 6 10 . 1 9 . . 12 . . . . 2 16 . . 1 Scan Component 37 | . . 3 3 3 5 . 1 5 . . 6 . . . . 1 9 . . 1 Repair 32 | . . 3 3 3 5 . . 4 . . 6 . . . . 1 7 . . . Recycling Unit Hacks 21 | . 2 . 1 1 1 . . 3 . . 4 . . . . 6 3 . . . Retrieve Matter 1 | . . . . . . . . . . . . . . . . . 1 . . . Retrieve Components 20 | . 2 . 1 1 1 . . 3 . . 4 . . . . 6 2 . . . Scanalyzer 26 | . . 9 . 5 . . 2 6 . . 2 . . . . . 2 . . . Insert Component 13 | . . 4 . 2 . . 1 4 . . 1 . . . . . 1 . . . Analyze 13 | . . 5 . 3 . . 1 2 . . 1 . . . . . 1 . . . Garrison Access Hacks 8 | . . . . 1 1 . . 2 . . 3 . . . . . 1 . . . Unlock Access 1 | . . . . . 1 . . . . . . . . . . . . . . . Seal Access 7 | . . . . 1 . . . 2 . . 3 . . . . . 1 . . . Unauthorized Hacks 205 | . 7 25 20 22 16 . 13 25 . . 37 . . . . 16 16 . 5 3 Terminals 202 | . 7 25 20 22 16 . 13 25 . . 37 . . . . 15 15 . 4 3 Track 60 | . 1 9 6 6 5 . 3 8 . . 10 . . . . 4 6 . 1 1 Assimilate 25 | . . 4 1 2 3 . 2 4 . . 6 . . . . 1 1 . 1 . Botnet 64 | . 6 6 7 7 5 . 5 5 . . 10 . . . . 5 5 . 2 1 Detonate 2 | . . 1 . . . . . 1 . . . . . . . . . . . . Disrupt 40 | . . 4 5 6 2 . 2 5 . . 9 . . . . 3 3 . . 1 Operators 11 | . . 1 1 1 1 . 1 2 . . 2 . . . . 2 . . . . Fabricators . | . . . . . . . . . . . . . . . . . . . . . Repair Stations . | . . . . . . . . . . . . . . . . . . . . . Recycling Units . | . . . . . . . . . . . . . . . . . . . . . Scanalyzers . | . . . . . . . . . . . . . . . . . . . . . Garrison Access 3 | . . . . . . . . . . . . . . . . 1 1 . 1 . Reprogram 3 | . . . . . . . . . . . . . . . . 1 1 . 1 . Data Cores Recovered 3 | . . 1 . . . . . 1 . . . . . . . . . . . 1 Used 1 | . . . . . . . . 1 . . . . . . . . . . . . Hacking Detections 136 | . 7 13 10 12 9 2 9 18 2 . 24 . . . . 6 15 . 4 5 Full Trace Events 6 | . 1 . . . . . . . . . . . . . . 1 1 . 1 2 Feedback Events 2 | . . . . . . . . . . . . . . . . . 1 . . 1 Corruption 2 | . . . . . . . . . . . . . . . . . 1 . . 1 Feedback Blocked . | . . . . . . . . . . . . . . . . . . . . . Robot Schematics Acquired 7 | . . . . . . . . . . . 2 . . . . . . . 5 . Robots Built . | . . . . . . . . . . . . . . . . . . . . . Authchips . | . . . . . . . . . . . . . . . . . . . . . Time . | . . . . . . . . . . . . . . . . . . . . . Total Robot Build Rating . | . . . . . . . . . . . . . . . . . . . . . Part Schematics Acquired 81 | . 4 8 2 2 10 . . 8 . . 18 . . . . 4 3 . 22 . Parts Built 34 | . . . . . . . 2 6 . . 15 . . . . 5 6 . . . Authchips . | . . . . . . . . . . . . . . . . . . . . . Time 1817 | . . . . . . . 42 316 . . 879 . . . . 230 350 . . . Total Part Build Rating 173 | . . . . . . . 8 30 . . 73 . . . . 33 29 . . . Parts Repaired 31 | . . 3 3 3 5 . . 4 . . 6 . . . . . 7 . . . Time 1222 | . . 102 102 126 118 . . 173 . . 184 . . . . 38 379 . . . Parts Recycled . | . . . . . . . . . . . . . . . . . . . . . Recycled Matter . | . . . . . . . . . . . . . . . . . . . . . Retrieved Matter . | . . . . . . . . . . . . . . . . . . . . . Retrieved Components 82 | . 12 . 9 10 1 . . 4 . . 17 . . . . 19 10 . . . Parts Scanalyzed 10 | . . 4 . 2 . . 1 1 . . 1 . . . . . 1 . . . Part Schematics Acquired 10 | . . 4 . 2 . . . 2 . . 1 . . . . . 1 . . . Parts Damaged 1 | . . . . . . . . 1 . . . . . . . . . . . . Bothacking | -11 -10 -9 -9 -8 -7 -7 -7 -6 -6 -6 -5 -5 -5 -5 -4 -4 -3 -2 -2 -1 ------------ Run | Yrd Mat Mat Sto Mat Fac Gar Fac Fac Ext Cet Fac Upp Upp War Pro Fac Res Res Tes Acc Used RIF Installer . | . . . . . . . . . . . . . . . . . . . . . Robots Hacked . | . . . . . . . . . . . . . . . . . . . . . Non-combat . | . . . . . . . . . . . . . . . . . . . . . Combat . | . . . . . . . . . . . . . . . . . . . . . Robot Hacks Applied . | . . . . . . . . . . . . . . . . . . . . . Relay Couplers Released 11 | . . . . . 3 . . . . . . . . . . 3 . 4 1 . Machine Destruction 5 | . . . . . . . . . . . . . . . . . . 4 1 . Programmers 6 | . . . . . 3 . . . . . . . . . . 3 . . . . Fabnet Peak Effective % . | . . . . . . . . . . . . . . . . . . . . . Robots Rewired 4 | . . . . . . . . . . . . . . . . . . . 2 2 Allies Hacked 2 | . . . . . 1 . . . . . . . . . . 1 . . . . Hacks Repelled . | . . . . . . . . . . . . . . . . . . . . . Allies | -11 -10 -9 -9 -8 -7 -7 -7 -6 -6 -6 -5 -5 -5 -5 -4 -4 -3 -2 -2 -1 -------- Run | Yrd Mat Mat Sto Mat Fac Gar Fac Fac Ext Cet Fac Upp Upp War Pro Fac Res Res Tes Acc Total Allies 28 | . . 1 2 1 2 . 1 4 5 . 2 . . . . 2 4 . 2 2 Largest Group 6 | . . 1 2 1 1 . 1 2 6 . 1 . . . . 1 3 . 1 2 Highest-Rated Group 275 | . . 10 62 10 26 . 26 36 147 . 26 . . . . 82 141 . 64 275 Highest-Rated Ally 219 | . . 10 31 10 26 . 26 26 31 . 26 . . . . 82 47 . 64 219 Total Orders 22 | . . . . . . . . 4 . . . . . . . 14 . 2 2 . STAY 4 | . . . . . . . . 2 . . . . . . . 2 . . . . FOLLOW 4 | . . . . . . . . 2 . . . . . . . 2 . . . . EXPLORE 14 | . . . . . . . . . . . . . . . . 10 . 2 2 . Ally Attacks 79 | . . . 23 . . . . . 13 . . . . . . 2 12 . 9 20 Total Damage 3191 | . . . 351 . . . . . 326 . . . . . . 69 271 . 397 1777 Kills 21 | . . . 2 . . . . . 2 . . . . . . . 1 . 3 13 Allies Corrupted 1 | . . . . . . . . . . . 1 . . . . . . . . . Allies Melted . | . . . . . . . . . . . . . . . . . . . . . Intel | -11 -10 -9 -9 -8 -7 -7 -7 -6 -6 -6 -5 -5 -5 -5 -4 -4 -3 -2 -2 -1 ------- Run | Yrd Mat Mat Sto Mat Fac Gar Fac Fac Ext Cet Fac Upp Upp War Pro Fac Res Res Tes Acc Active Infowar (turns) 20429 | 66 1194 968 1561 899 980 3 638 2383 226 . 3119 556 255 576 379 2503 3929 . 194 . Optics 2676 | . . . . . . . . . . . . . . . . 547 1935 . 194 . Sensors 11124 | 66 1194 968 1561 899 980 3 638 2383 226 . 2206 . . . . . . . . . Machine Analysis 5 | . . . . . 3 . . . . . . . . . . . 2 . . . Triangulation 8057 | . . . . . . . . . . . 700 556 255 576 379 1957 3634 . . . Cloaking 4079 | . . . . . . . . . . . 630 . . . . 847 2602 . . . ECM 536 | . . . . 368 131 . . . . . . . . . . . 37 . . . Robot Analysis Total 10 | . . 1 1 . . . . 1 . . 5 . . . . 2 . . . . Derelict Logs Recovered 2 | . . . . . . . . . . . . 1 . . 1 . . . . . Drone Launches 14 | . . . . . . . . . . . . . . . . 10 . 2 2 . Drone Recoveries 13 | . . . . . . . . . . . . . . . . 9 . 2 2 . Exploration | -11 -10 -9 -9 -8 -7 -7 -7 -6 -6 -6 -5 -5 -5 -5 -4 -4 -3 -2 -2 -1 ------------- Run | Yrd Mat Mat Sto Mat Fac Gar Fac Fac Ext Cet Fac Upp Upp War Pro Fac Res Res Tes Acc Turns Passed 25791 | 97 1194 999 1605 1019 1039 319 638 2384 1006 31 3435 556 255 576 379 2760 4675 581 1367 876 Spaces Moved 32848 | 74 643 1742 1152 1539 2241 575 1031 3916 1160 94 4645 1382 635 1128 1013 3201 3981 701 1030 965 Core 8 | 7 . . . . . . . . . . . 1 . . . . . . . . Treads . | . . . . . . . . . . . . . . . . . . . . . Legs 764 | 67 643 54 . . . . . . . . . . . . . . . . . . Wheels . | . . . . . . . . . . . . . . . . . . . . . Hover 7531 | . . . . . . . . . . . . . . . . 854 3981 701 1030 965 Flight 24545 | . . 1688 1152 1539 2241 575 1031 3916 1160 94 4645 1381 635 1128 1013 2347 . . . . Fastest Speed 23 | 50 120 29 29 27 23 24 24 24 26 26 23 34 34 34 34 34 46 50 51 50 Average Speed 38 | 116 156 32 30 29 24 24 24 24 28 26 28 34 34 34 34 45 54 53 58 51 Slowest Speed 500 | 120 260 355 109 97 28 24 24 27 102 26 34 500 34 34 34 230 111 118 119 111 Overloaded Moves 5 | . . . . . . . . . . . . . . . . . 5 . . . Propulsion Burnouts . | . . . . . . . . . . . . . . . . . . . . . Robots Hopped 133 | . . . . . 6 3 6 38 21 . 41 . 1 . . 17 . . . . Potential Cave-ins . | . . . . . . . . . . . . . . . . . . . . . Cave-ins Triggered 1 | . . . . . . . . . . . . . . . . . . 1 . . Exploration Rate (%) 62 | 5 86 94 94 94 42 53 22 69 69 23 85 97 77 94 97 39 65 18 73 18 Regions Visited 20 Branch Regions 8 Pre-discovered Areas . | . . . . . . . . . . . . . . . . . . . . . Known Exits Taken 19 | 1 1 1 1 1 1 . 1 1 1 1 1 1 1 1 1 1 1 1 1 . Unknown Exits Taken . | . . . . . . . . . . . . . . . . . . . . . Scrap Searched 9 | . . . . . . . . . . . . 5 1 . 3 . . . . . Spaces Dug 95 | . . 1 9 8 8 . . 9 1 . 3 . . . . . 37 4 14 1 Terrain Destroyed 318 | . . 1 9 8 8 . . 9 1 . 33 . . . . 5 56 4 183 1 Melee 95 | . . 1 9 8 8 . . 9 1 . 3 . . . . . 37 4 14 1 Projectile 22 | . . . . . . . . . . . . . . . . 3 19 . . . AOE 199 | . . . . . . . . . . . 30 . . . . . . . 169 . Terrain Rammed . | . . . . . . . . . . . . . . . . . . . . . Walls Destroyed . | . . . . . . . . . . . . . . . . . . . . . Machines Disabled . | . . . . . . . . . . . . . . . . . . . . . Actions | -11 -10 -9 -9 -8 -7 -7 -7 -6 -6 -6 -5 -5 -5 -5 -4 -4 -3 -2 -2 -1 --------- Run | Yrd Mat Mat Sto Mat Fac Gar Fac Fac Ext Cet Fac Upp Upp War Pro Fac Res Res Tes Acc Total 43747 | 81 735 2059 2263 1937 2614 704 1395 5151 1797 99 6504 1438 647 1322 1033 4330 6023 851 1533 1231 Wait 8571 | . 17 165 973 251 244 28 334 1138 626 6 1644 31 2 144 8 901 1614 70 226 149 Move 32569 | 73 642 1741 1151 1538 2229 565 1018 3841 1118 93 4570 1381 632 1127 1012 3167 3980 700 1028 963 Hop 120 | . . . . . 5 3 6 36 20 . 33 . 1 . . 16 . . . . Pick Up 153 | 1 11 16 2 10 12 . 6 9 3 . 18 1 . 6 . 14 27 2 9 6 Fast Attach 376 | 7 7 18 14 20 19 5 4 23 3 . 37 6 . 18 . 32 74 26 49 14 Attach 85 | . 1 5 2 4 4 . 4 7 4 . 10 . . . . 11 13 1 13 6 Detach 60 | . . 2 1 2 3 . . 3 4 . 8 . . 1 . 8 11 1 13 3 Swap 55 | . . 7 . 5 3 2 1 2 2 . 6 . . 2 . 2 11 1 9 2 Drop 397 | . 8 36 10 16 22 1 10 24 4 . 42 7 . 24 . 31 74 26 49 13 Fire 262 | . 49 1 . . . 21 1 . . . . . . . . 94 58 . 15 23 Melee 928 | . . 68 81 91 57 6 11 68 13 . 110 12 12 . 13 53 161 24 105 43 Ram . | . . . . . . . . . . . . . . . . . . . . . Kick . | . . . . . . . . . . . . . . . . . . . . . Crush . | . . . . . . . . . . . . . . . . . . . . . Escape Stasis 119 | . . . . . 15 73 . . . . 26 . . . . . . . 4 1 Rewire 23 | . . . . . 1 . . . . . . . . . . 1 . . 13 8 Trap 29 | . . . 29 . . . . . . . . . . . . . . . . . Miscellaneous . | . . . . . . . . . . . . . . . . . . . . . Route ------- -11/Scrapyard -10/Materials (discovered 2 exits: *Mat x2) -9/Materials (discovered 6 exits: *Mat x3 / *Min / *Sto x2) -9/Storage -8/Materials (discovered 3 exits: *Fac x3) -7/Factory (discovered 3 exits: *Fac / *Low / Gar) -7/Garrison (discovered 2 exits: *Fac x2) -7/Factory -6/Factory (discovered 5 exits: *Fac x3 / *Low / *Ext) -6/Extension (discovered 2 exits: *Fac / *Cet) -6/Cetus -5/Factory (discovered 4 exits: *Fac x2 / *Upp x2) -5/Upper Caves -5/Upper Caves (discovered 2 exits: *Fac / *War) -5/Warlord -4/Proximity Caves -4/Factory (discovered 2 exits: *Res / *Arm) -3/Research (discovered 2 exits: *Res x2) -2/Research -2/Testing -1/Access To Epsilon Eridani History --------- Turn | Location | Event 5 | -11/Scrapyard | Identified exit to Materials 5 | -11/Scrapyard | Discovered exit to Materials (range 16) 98 | -11/Scrapyard | Entered Materials 98 | -10/Materials | Evolved 1 slot: Utility x1 309 | -10/Materials | Build established: Hacker-Mutant 547 | -10/Materials | Identified exit to Materials 547 | -10/Materials | Discovered exit to Materials (range 14) 1100 | -10/Materials | Discovered exit to Materials (range 13) 1292 | -10/Materials | Entered another Materials area 1292 | -9/Materials | Evolved 2 slots: Propulsion x1, Utility x1 1458 | -9/Materials | Identified exit to Materials 1458 | -9/Materials | Discovered exit to Materials (range 14) 1495 | -9/Materials | Identified exit to Storage 1495 | -9/Materials | Discovered exit to Storage (range 15) 1502 | -9/Materials | Identified exit to Mines 1502 | -9/Materials | Discovered exit to Mines (range 6) 1652 | -9/Materials | Build established: Hacker-Sprinter 1805 | -9/Materials | Discovered exit to Storage (range 3) 1890 | -9/Materials | Discovered exit to Materials (range 6) 1972 | -9/Materials | Repaired Sensor Array 2019 | -9/Materials | Repaired Axe 2059 | -9/Materials | Repaired Lgt. Nuclear Core 2115 | -9/Materials | Discovered exit to Materials (range 5) 2291 | -9/Materials | Entered Storage 2309 | -9/Storage | Garrison activated, responded to threat 2776 | -9/Storage | Repaired Cesium-ion Thruster 2815 | -9/Storage | Repaired Cesium-ion Thruster 2843 | -9/Storage | Repaired Sensor Array 3679 | -9/Storage | Met a pair of Derelict thieves 3781 | -9/Storage | Discovered exit to Materials (range 16) 3896 | -9/Storage | Core integrity fell below 50% 3896 | -9/Storage | Entered Materials 3896 | -8/Materials | Evolved 2 slots: Propulsion x1, Utility x1 4112 | -8/Materials | Lost 5 parts (1p4u) 4154 | -8/Materials | Identified exit to Factory 4154 | -8/Materials | Discovered exit to Factory (range 11) 4467 | -8/Materials | Repaired Imp. Sensor Array 4541 | -8/Materials | Repaired Lgt. Angular Momentum Engine 4610 | -8/Materials | Repaired Imp. Light Armor Plating? 4635 | -8/Materials | Discovered exit to Factory (range 16) 4720 | -8/Materials | Discovered exit to Factory (range 10) 4915 | -8/Materials | Entered Factory 4915 | -7/Factory | Evolved 2 slots: Propulsion x1, Utility x1 5210 | -7/Factory | Repaired Imp. Light Armor Plating 5240 | -7/Factory | Identified exit to Factory 5240 | -7/Factory | Discovered exit to Factory (range 12) 5439 | -7/Factory | Identified exit to Lower Caves 5439 | -7/Factory | Discovered exit to Lower Caves (range 8) 5482 | -7/Factory | Repaired Imp. Sensor Array 5502 | -7/Factory | Repaired Lgt. Deuterium Engine 5511 | -7/Factory | Garrison activated, responded to threat 5533 | -7/Factory | Repaired Imp. VTOL Module 5924 | -7/Factory | Repaired Imp. Sensor Array 5946 | -7/Factory | Identified exit to Garrison 5954 | -7/Factory | Entered Garrison 5960 | -7/Garrison | Triggered checkpoint 5968 | -7/Garrison | Triggered checkpoint 6035 | -7/Garrison | Identified exit to Factory 6035 | -7/Garrison | Discovered exit to Factory (range 10) 6100 | -7/Garrison | Triggered checkpoint 6198 | -7/Garrison | Discovered exit to Factory (range 8) 6230 | -7/Garrison | Triggered checkpoint 6250 | -7/Garrison | Core integrity fell below 50% 6254 | -7/Garrison | Attempted to access garrison exit controls, blocked by remote lockdown 6264 | -7/Garrison | Triggered checkpoint 6273 | -7/Garrison | Entered Factory 6702 | -7/Factory | Fabricated Powered Hammer (x2) 6781 | -7/Factory | Discovered exit to Factory (range 12) 6911 | -7/Factory | Entered another Factory area 6911 | -6/Factory | Evolved 2 slots: Utility x2 7055 | -6/Factory | Fabricated Powered Armor? 7152 | -6/Factory | Fabricated Imp. System Shield? 7246 | -6/Factory | Repaired Xenon Bombardment Thruster 7307 | -6/Factory | Repaired Imp. VTOL Module 7352 | -6/Factory | Repaired Xenon Bombardment Thruster 7662 | -6/Factory | Identified exit to Factory 7662 | -6/Factory | Discovered exit to Factory (range 5) 7752 | -6/Factory | Fabricated Imp. System Shield (x1) 8214 | -6/Factory | Identified exit to Lower Caves 8214 | -6/Factory | Discovered exit to Lower Caves (range 11) 8423 | -6/Factory | Fabricated Adv. Hacking Suite? 8551 | -6/Factory | Fabricated Adv. Hacking Suite (x1) 8877 | -6/Factory | Repaired Imp. Reaction Control System 9003 | -6/Factory | Discovered exit to Factory (range 5) 9202 | -6/Factory | Discovered exit to Factory (range 4) 9285 | -6/Factory | Spotted B-75 Beast 9286 | -6/Factory | Identified exit to Extension 9286 | -6/Factory | Discovered exit to Extension (range 6) 9295 | -6/Factory | Entered Extension 9295 | -6/Extension | Accompanied by 1 ally 9315 | -6/Extension | Rescued a captive Derelict 9331 | -6/Extension | Rescued a captive Derelict 9419 | -6/Extension | Found Prototype Processor 9420 | -6/Extension | Identified Exp. Targeting Computer 9488 | -6/Extension | Rescued a captive Derelict 9489 | -6/Extension | Rescued a captive Derelict 9503 | -6/Extension | Rescued a captive Derelict 9519 | -6/Extension | Spotted B-75 Beast 9520 | -6/Extension | Spotted B-75 Beast 10295 | -6/Extension | Identified exit to Cetus 10295 | -6/Extension | Discovered exit to Cetus (range 15) 10295 | -6/Extension | Discovered exit to Factory (range 15) 10301 | -6/Extension | Entered Cetus 10306 | -6/Cetus | Spotted Cetus Guard 10306 | -6/Cetus | Spotted Cetus Guard 10306 | -6/Cetus | Spotted Cetus Guard 10311 | -6/Cetus | Discovered exit to Factory (range 16) 10332 | -6/Cetus | Entered Factory 10332 | -5/Factory | Evolved 2 slots: Propulsion x1, Utility x1 10856 | -5/Factory | Repaired Lance 11018 | -5/Factory | Identified exit to Factory 11018 | -5/Factory | Discovered exit to Factory (range 9) 11128 | -5/Factory | Lost 3 parts (1n2u) 11229 | -5/Factory | Fabricated Powered Armor (x2) 11485 | -5/Factory | Fabricated Xenon Bombardment Thruster (x2) 11957 | -5/Factory | Fabricated Carbide Saw? 11962 | -5/Factory | Repaired Nuclear Pulse Array 12062 | -5/Factory | Identified exit to Upper Caves 12062 | -5/Factory | Discovered exit to Upper Caves (range 15) 12164 | -5/Factory | Fabricated Xenon Bombardment Thruster? 12183 | -5/Factory | Repaired Adv. Shield Generator 12194 | -5/Factory | Repaired Xenon Bombardment Thruster 12238 | -5/Factory | Spotted B-75 Beast 12241 | -5/Factory | Repaired Xenon Bombardment Thruster? 12562 | -5/Factory | Fabricated Shock Maul (x1) 12659 | -5/Factory | Build established: Hacker-Mutant 12716 | -5/Factory | Fabricated Shock Maul? 12865 | -5/Factory | Repaired Powered Armor? 12904 | -5/Factory | Discovered exit to Factory (range 16) 12971 | -5/Factory | Fabricated Exp. Propulsion Shielding (x1) 13067 | -5/Factory | Fabricated Triangulator (x2) 13142 | -5/Factory | Discovered exit to Upper Caves (range 6) 13387 | -5/Factory | Fabricated Exp. Shield Generator (x1) 13443 | -5/Factory | Fabricated Adv. System Shield? 13767 | -5/Factory | Entered Upper Caves 13773 | -5/Upper Caves | Learned Factory terminal intel 13858 | -5/Upper Caves | Found DCF Scrap (11 items) 14050 | -5/Upper Caves | Encountered a Warlord checkpoint 14171 | -5/Upper Caves | Attracted the attention of an 0b10 checkpoint 14320 | -5/Upper Caves | Identified exit to Upper Caves 14320 | -5/Upper Caves | Discovered exit to Upper Caves (range 5) 14323 | -5/Upper Caves | Entered another Upper Caves area 14336 | -5/Upper Caves | Discovered exit to Factory (range 5) 14354 | -5/Upper Caves | Encountered a Warlord checkpoint 14475 | -5/Upper Caves | Attracted the attention of an 0b10 base 14571 | -5/Upper Caves | Attracted the attention of an 0b10 checkpoint 14574 | -5/Upper Caves | Identified exit to Warlord 14574 | -5/Upper Caves | Discovered exit to Warlord (range 9) 14578 | -5/Upper Caves | Entered Warlord 14594 | -5/Warlord | Identified exit to Proximity Caves 14594 | -5/Warlord | Discovered exit to Proximity Caves (range 9) 14843 | -5/Warlord | Visited the Vortex Lab 14848 | -5/Warlord | Found Prototype Piercing Weapon 14848 | -5/Warlord | Identified Vortex Lance 14851 | -5/Warlord | Found Vortex Lance 14855 | -5/Warlord | Warlord's base attacked by MAIN.C 14856 | -5/Warlord | Found Prototype Launcher 14856 | -5/Warlord | Identified Vortex Catalyst Activator 14858 | -5/Warlord | Found Prototype Energy Gun 14858 | -5/Warlord | Identified Vortex Rail 14915 | -5/Warlord | Met Warlord 14958 | -5/Warlord | Found Prototype Device 14958 | -5/Warlord | Identified Minesniffer Drone Bay 15116 | -5/Warlord | Warlord forces counterattacked 15154 | -5/Warlord | Entered Proximity Caves 15163 | -4/Proximity Caves | Lost 4 allies 15206 | -4/Proximity Caves | Attracted the attention of an 0b10 checkpoint 15341 | -4/Proximity Caves | Attracted the attention of an 0b10 outpost 15361 | -4/Proximity Caves | Learned Research trap positions 15375 | -4/Proximity Caves | Discovered exit to Factory (range 14) 15425 | -4/Proximity Caves | Spotter reported a threat 15515 | -4/Proximity Caves | Spotter reported a threat 15533 | -4/Proximity Caves | Entered Factory 15533 | -4/Factory | Evolved 2 slots: Utility x2 15534 | -4/Factory | Loaded intel: 26 terminal locations 15637 | -4/Factory | Spotted B-86 Titan 15677 | -4/Factory | Identified exit to Armory 15677 | -4/Factory | Discovered exit to Armory (range 14) 15855 | -4/Factory | Destroyed B-86 Titan 15877 | -4/Factory | Build established: Hacker-Gladiator 16285 | -4/Factory | Fabricated Adv. Reaction Control System (x2) 16308 | -4/Factory | Build established: Hacker-Mutant 16329 | -4/Factory | Fabricated Imp. Cloaking Device? 16474 | -4/Factory | Identified exit to Research 16474 | -4/Factory | Discovered exit to Research (range 8) 16692 | -4/Factory | Spotted B-86 Titan 16961 | -4/Factory | Fabricated Exp. Propulsion Shielding? 18293 | -4/Factory | Entered Research 18293 | -3/Research | Evolved 2 slots: Power x1, Utility x1 18294 | -3/Research | Loaded intel: 63 trap records 19160 | -3/Research | Repaired Imp. Cloaking Device? 19202 | -3/Research | Repaired Imp. Propulsion Shielding? 19269 | -3/Research | Repaired Imp. Force Field? 19349 | -3/Research | Repaired Lgt. Antimatter Reactor 19413 | -3/Research | Repaired Lgt. Antimatter Reactor? 19489 | -3/Research | Repaired Adv. Power Amplifier? 20046 | -3/Research | Build established: Hacker-Gladiator 20412 | -3/Research | Lost 3 parts (3u) 20550 | -3/Research | Fabricated Exp. Propulsion Shielding (x1) 20597 | -3/Research | Fabricated System Restoration Module (x2) 20618 | -3/Research | Garrison activated, responded to threat 20667 | -3/Research | Lost 3 allies 20782 | -3/Research | Found Adv. Powered Armor 21158 | -3/Research | Spotted B-86 Titan 21242 | -3/Research | Repaired Imp. Cloaking Device 21425 | -3/Research | Spotted B-86 Titan 21452 | -3/Research | Fabricated System Restoration Module? 21844 | -3/Research | Fabricated Exp. Shield Generator? 22541 | -3/Research | Identified exit to Research 22541 | -3/Research | Discovered exit to Research (range 9) 22707 | -3/Research | Build established: Scavenger-Gladiator 22824 | -3/Research | Discovered exit to Research (range 16) 22968 | -3/Research | Entered another Research area 22968 | -2/Research | Warlord forces began assault on 0b10 22968 | -2/Research | Evolved 2 slots: Utility x2 23078 | -2/Research | Research machine network offline 23091 | -2/Research | Build established: Hacker-Gladiator 23423 | -2/Research | Spotted B-90 Cyclops 23489 | -2/Research | Crushed by falling debris 23529 | -2/Research | Identified exit to Testing 23529 | -2/Research | Discovered exit to Testing (range 4) 23549 | -2/Research | Entered Testing 23576 | -2/Testing | Found Prototype Protection 23576 | -2/Testing | Identified SHELL Armor 23579 | -2/Testing | Found Prototype Protection 23579 | -2/Testing | Identified Hvy. Regenerative Plating 23652 | -2/Testing | Found Prototype Energy Gun 23652 | -2/Testing | Identified Hyp. EM Gauss Rifle 23704 | -2/Testing | Lost 4 allies 23766 | -2/Testing | Found Prototype Energy Gun 23766 | -2/Testing | Identified Tachyon Dispersion Ray 23828 | -2/Testing | Found Prototype Processor 23828 | -2/Testing | Identified Exp. Signal Interpreter 24220 | -2/Testing | Found Prototype Energy Cannon 24220 | -2/Testing | Identified Cld. Nova Cannon 24316 | -2/Testing | Found Prototype Launcher 24316 | -2/Testing | Identified Tactical Quantum Warhead 24318 | -2/Testing | Found Tactical Quantum Warhead 24378 | -2/Testing | Destroyed 9 combat bots 24392 | -2/Testing | Scanned by Researcher 24493 | -2/Testing | Lost 3 parts (3u) 24510 | -2/Testing | Found Prototype Hackware 24510 | -2/Testing | Identified System Mapper 24567 | -2/Testing | Identified exit to Access 24567 | -2/Testing | Discovered exit to Access (range 16) 24728 | -2/Testing | Garrison activated, responded to threat 24771 | -2/Testing | Found Prototype Energy Cannon 24771 | -2/Testing | Identified Potential Cannon 24799 | -2/Testing | First assault squad dispatched 24813 | -2/Testing | Found Prototype Device 24813 | -2/Testing | Identified Exp. Shock Absorption System 24817 | -2/Testing | Found Prototype Device 24817 | -2/Testing | Identified Thermal Barrier 24827 | -2/Testing | Found Prototype Launcher 24827 | -2/Testing | Identified Ragnarok Missile Launcher 24916 | -2/Testing | Entered Access 24916 | -1/Access | Evolved 2 slots: Utility x2 25033 | -1/Access | Spotted B-99 Colossus 25055 | -1/Access | Rewired B-99 Colossus 25384 | -1/Access | Build established: Hacker-Mutant 25416 | -1/Access | First assault squad dispatched 25543 | -1/Access | Found Prototype Processor 25543 | -1/Access | Identified Exp. Melee Analysis Suite 25562 | -1/Access | Found Prototype Device 25575 | -1/Access | Identified Exp. Actuator Array 25702 | -1/Access | Spotted B-99 Colossus 25757 | -1/Access | Identified exit to Surface 25757 | -1/Access | Discovered exit to Surface (range 6) 25792 | *** | Escaped! Last Messages --------------- 25756_ Adv. Corruption Screen intercepted 1% system corruption. 25756_ ALERT: Suspicious activity at Terminal A001. Dispatching Investigation squad. 25757_ The Access Shell folds into the floor. 25757_ EXIT=FOUND: SURFACE 25768_ Sealed Heavy Doors breached. 25776_ Penetrated by Slug. 25782_ Reaction Control System destroyed. 25782_ Penetrated by Slug. 25784_ Slug penetrates Sealed Heavy Doors. 25785_ Penetrated by Slug. 25785_ Adv. Force Field destroyed. 25787_ Slug penetrates Wall. 25787_ Slug penetrates H-88 Terminator. 25787_ Slug penetrates Wall. 25790_ Penetrated by Slug. 25790_ Slug penetrates Wall. 25790_ Slug penetrates Terminal. 25791_ U-05 Engineer builds a Wall. Map ----- +----------------------------------------------------+ | ?????????????????????????????????????? ?????????? | | ?????????????????????????????????????? ?????????? | | ?????????????????????????????????????? ?????????? | | ?????????????????????????????????????# #????????? | | ?????????????????????????????????????# #????????? | | ?????????????????????????????????????# #????????? | | ?????????????????????????????????????# #????????? | | ?????????????????????????????????????# #????????? | | ????????????????????????????########## #????????? | | ????????????????????????????# # #????????? | | ????????????????????????????# # #????##### | | ????????????????????????????# # #????# | | ????????????????????????????# # #????# | | ????????????????????????????# # #????# | | ????????????????????????????# # #????# | | ????????????????????????????# + ########## | | ????????????????????????????# # | | ????????????????????????????# # #""####### | | ????????????????????????????##########% ##???????? | | ?????????????????????????????###?????# #????????? | | ????????????????????########## ######; #????????# | | ????????????????????" h #????????# | | ????????????????????" h #????????# | | ????????????????????" #????????? | | ???????????????????"" #????????? | | ???????????????????" "@ #????????? | | ???????????????????"" "" #????????? | | ????????????????????" #????????? | | ????????????????????" #????????? | | ????????????????????" """ """ #????????? | | ????????????????????" """T""" #????????? | | ????????????????????########## ####### #????????? | | ?????????????????????????????###?????? #????????? | | ?????????????????#############???????? #????????? | | ?????????????????# #???????? #????????? | | ?????????????????# #???????? #????????? | | ?????????????????# """"" #???????? #????????? | | ?????????????????# """F"" ] #####???# ??????????? | | ?????????????????# """*"" ## ??? ??????????? | | ?????????????????# * ## ??? ?????????## | | ?????????????????# * ## #####+####?##### | | ??????#??????????# ## # +?? | | ??????# ?????????# ## # #????## | | ??????# #???###### ! ## + #?????# | | ??????# ????# ###/########## " !!! #????## | | ####### ##### " # !! #????+ | | # !!! #????#%# | | ######## #### #######+######### #????? # | | ??# # # ##### ##?# #???# #????? # | | ??# " #??# #???# #????#%# | +----------------------------------------------------+ Best States ------------- Heat Dissipation 163 Coolant Potential 100 Energy Generation 67 Energy Capacity 2040 Matter Stores 300 Matter Capacity 600 Sight Range 22 Robot Scan Range 15 Terrain Scan Density 10 ECM Strength 2 Cloak Strength 3 Power Amplification 30 Additional Mass Support 9 Base Temperature (-) 200 Corruption Containment 12 Corruption Block 20 Armor Coverage 1200 Resistance: KI 35 Resistance: TH 35 Resistance: EX 35 Resistance: EM 35 Resistance: I 35 Resistance: S 35 Resistance: P 35 Propulsion Shielding 90 Weapon Shielding 33 Phase Shifting 10 Evasion (%) 75 Melee Accuracy 20 Target Analysis 12 Core Analysis 6 Armor Integrity Analysis 40 Offensive Hacking 44 Defensive Hacking 28 Item Schematics ----------------- Hover Unit | -10/Materials | Hacked Hammer | -10/Materials | Hacked Propulsion Shielding | -10/Materials | Hacked Sml. Storage Unit | -10/Materials | Hacked Weight Redist. System | -9/Materials | Hacked Sensor Array | -9/Materials | Hacked Imp. Hover Unit | -9/Materials | Hacked Hrd. Light Armor Plating | -9/Materials | Hacked Axe | -9/Materials | Scanalyzed Imp. Flight Unit | -9/Materials | Scanalyzed Lgt. Armor Plating | -9/Materials | Scanalyzed Hacking Suite | -9/Materials | Scanalyzed Med. Armor Plating | -9/Storage | Hacked Mace | -9/Storage | Hacked Hvy. Hammer | -8/Materials | Scanalyzed Lgt. Nuclear Core | -8/Materials | Scanalyzed Imp. System Shield | -7/Factory | Hacked Imp. Titanium Leg | -7/Factory | Hacked Xenon Bombardment Thruster | -7/Factory | Hacked ECM Suite | -7/Factory | Hacked Remote Datajack | -7/Factory | Hacked Trap Scanner | -7/Factory | Hacked Gravmag System | -7/Factory | Hacked Katana | -7/Factory | Hacked Powered Armor | -7/Factory | Hacked Powered Hammer | -7/Factory | Hacked Carbide Saw | -6/Factory | Hacked Force Field | -6/Factory | Hacked Drone Bay | -6/Factory | Hacked Falx | -6/Factory | Hacked Remote Shield | -6/Factory | Hacked System Restoration Module | -6/Factory | Scanalyzed Coolant Injector | -6/Factory | Scanalyzed Adv. Hacking Suite | -6/Factory | Hacked F-cell Engine | -5/Factory | Hacked Neutrino Core | -5/Factory | Hacked Great Maul | -5/Factory | Hacked Gatling Laser | -5/Factory | Hacked Cld. Antimatter Reactor | -5/Factory | Hacked Mic. Fission Core | -5/Factory | Scanalyzed Lgt. Antimatter Reactor | -5/Factory | Hacked Nuclear Pulse Thruster | -5/Factory | Hacked Nuclear Pulse Array | -5/Factory | Hacked Rocket Array | -5/Factory | Hacked Triangulator | -5/Factory | Hacked Imp. Actuator Array | -5/Factory | Hacked Exp. Propulsion Shielding | -5/Factory | Hacked Shock Maul | -5/Factory | Hacked Adv. System Shield | -5/Factory | Hacked Adv. Variable Charge Gun | -5/Factory | Hacked Exp. Shield Generator | -5/Factory | Hacked Exp. Heat Sink | -5/Factory | Hacked Imp. Cloaking Device | -4/Factory | Hacked Field Propulsion Array | -4/Factory | Hacked Adv. Reaction Control System | -4/Factory | Hacked Imp. Fusion Compressor | -4/Factory | Hacked Antigrav Array | -3/Research | Hacked Adv. Force Field | -3/Research | Hacked Enh. Force Lance | -3/Research | Scanalyzed Med. Regenerative Plating | -2/Testing | Hacked Lgt. Regenerative Plating | -2/Testing | Hacked Imp. Quantum Reactor | -2/Testing | Archive Hvy. Neutron Cannon | -2/Testing | Archive Adv. Kinecellerator | -2/Testing | Archive Lgt. Antimatter Cannon | -2/Testing | Archive Hvy. Wave Gun | -2/Testing | Archive Adv. KE Penetrator | -2/Testing | Archive Exp. Energy Well | -2/Testing | Archive Diametric Drive | -2/Testing | Archive Adv. Particle Accelerator | -2/Testing | Archive Imp. Energy Well | -2/Testing | Archive Adv. Plasma Rifle | -2/Testing | Archive Adv. Dynamic Insulation System | -2/Testing | Archive Coolant Network | -2/Testing | Archive Hvy. Tesla Rifle | -2/Testing | Archive Cld. Linear Gravjet | -2/Testing | Archive Exp. Cooling System | -2/Testing | Archive Exp. Coolant Injector | -2/Testing | Archive Adv. Cloaking Device | -2/Testing | Hacked Imp. Diametric Drive | -2/Testing | Archive Cld. Antigrav System | -2/Testing | Archive Robot Schematics ------------------ K-01 Serf | -5/Factory | Hacked B-60 Warrior | -5/Factory | Hacked A-27 Freighter | -2/Testing | Archive B-74 Champion | -2/Testing | Archive R-10 Processor | -2/Testing | Archive W-44 Eye | -2/Testing | Hacked L-61 Swordsman | -2/Testing | Archive Fabricated ------------ Powered Hammer | x2 | -7/Factory Powered Armor | x2 | -6/Factory Imp. System Shield | x1 | -6/Factory Imp. System Shield | x1 | -6/Factory Adv. Hacking Suite | x1 | -6/Factory Adv. Hacking Suite | x1 | -6/Factory Powered Armor | x2 | -5/Factory Xenon Bombardment Thruster | x2 | -5/Factory Carbide Saw | x2 | -5/Factory Xenon Bombardment Thruster | x2 | -5/Factory Shock Maul | x1 | -5/Factory Shock Maul | x1 | -5/Factory Exp. Propulsion Shielding | x1 | -5/Factory Triangulator | x2 | -5/Factory Exp. Shield Generator | x1 | -5/Factory Adv. System Shield | x1 | -5/Factory Adv. Reaction Control System | x2 | -4/Factory Imp. Cloaking Device | x2 | -4/Factory Exp. Propulsion Shielding | x1 | -4/Factory Exp. Propulsion Shielding | x1 | -3/Research System Restoration Module | x2 | -3/Research System Restoration Module | x2 | -3/Research Exp. Shield Generator | x1 | -3/Research Repaired ---------- Sensor Array | 5% | -9/Materials Axe | 74% | -9/Materials Lgt. Nuclear Core | 46% | -9/Materials Cesium-ion Thruster | 36% | -9/Storage Cesium-ion Thruster | 68% | -9/Storage Sensor Array | 45% | -9/Storage Imp. Sensor Array | 50% | -8/Materials Lgt. Angular Momentum Engine | 31% | -8/Materials Imp. Light Armor Plating | 32% | -8/Materials Imp. Light Armor Plating | 26% | -7/Factory Imp. Sensor Array | 50% | -7/Factory Lgt. Deuterium Engine | 48% | -7/Factory Imp. VTOL Module | 66% | -7/Factory Imp. Sensor Array | 18% | -7/Factory Xenon Bombardment Thruster | 63% | -6/Factory Imp. VTOL Module | 74% | -6/Factory Xenon Bombardment Thruster | 63% | -6/Factory Imp. Reaction Control System | 37% | -6/Factory Lance | 46% | -5/Factory Nuclear Pulse Array | 35% | -5/Factory Adv. Shield Generator | 70% | -5/Factory Xenon Bombardment Thruster | 26% | -5/Factory Xenon Bombardment Thruster | 36% | -5/Factory Powered Armor | 13% | -5/Factory Imp. Cloaking Device | 22% | -3/Research Imp. Propulsion Shielding | 62% | -3/Research Imp. Force Field | 66% | -3/Research Lgt. Antimatter Reactor | 14% | -3/Research Lgt. Antimatter Reactor | 55% | -3/Research Adv. Power Amplifier | 70% | -3/Research Imp. Cloaking Device | 17% | -3/Research Alien Tech Used ----------------- None Achievements -------------- Ambidextrous Assassin Batter Up Cya! Gladiator Melee Specialist Release The Drones! Challenges ------------ None Game ------ Seed ForceBackupFirepult Manual? 0 Play Time 15:48:43 Cumulative 159.1 hours Start 2025.06.10 @ 21:37:42 End 2025.06.14 @ 15:52:21 Sessions 23 Manual Loads 0 Difficulty Explorer Special Mode None Game No. 22 Rogue 1 Adventurer 11 Explorer 10 Win Type 0 Total 5 Types 4/0/1/0/0/0/0/0/0/0 Lore% 30 Gallery% 52 Achievement% 57 Wizard Run 0 Options --------- Layout 1 ASCII 0 Keyboard 0 Movement Arrows Keybinds 0 Fullscreen 1 Font 24/Smallcaps Map View 50x35 Zoom Use 0% Tactical HUD 1 Map Filters NONE Filters NONE Steam 1 RUN: 52b16620-bc44-4c56-80ac-08311c91e406